 Dungeon Crawl Stone Soup version 0.22.1-1-ga44c0e56f4 (webtiles) character file.

6713 Bapho the Grappler (level 10, -7/111 HPs)
             Began as a Troll Monk on Sept 22, 2018.
             Was an Elder of Dithmenos.
             Mangled by a troll (14 damage)
             ... on level 10 of the Dungeon.
             The game lasted 00:17:07 (9559 turns).

Bapho the Grappler (Troll Monk)                     Turns: 9559, Time: 00:17:08

Health: -7/111     AC:  6    Str: 24    XL:     10   Next: 74%
Magic:  9/9        EV: 10    Int:  6    God:    Dithmenos [****..]
Gold:   575        SH:  0    Dex: 12    Spells: 9/9 levels left

rFire    . . .     SeeInvis .     - Unarmed
rCold    . . .     Gourm    +   (no shield)
rNeg     . . .     Faith    .   D - +1 robe {MR+}
rPois    .         Spirit   .   (helmet restricted)
rElec    .         Reflect  .   (no cloak)
rCorr    +         Harm     .   (gloves unavailable)
MR       +....                  (boots unavailable)
Stlth    ++........             (no amulet)
HPRegen  0.68/turn              s - ring of flight
MPRegen  0.11/turn              H - ring of resist corrosion

@: lethally poisoned (-7 -> -8), about to teleport, wreathed by umbra
A: large, unfitting armour, claws 3, fast metabolism 3, gourmand, regeneration
1, shaggy fur 1, tough skin 2
a: Shadow Step, Renounce Religion, Evoke Flight


You were on level 10 of the Dungeon.
You worshipped Dithmenos.
Dithmenos was greatly pleased with you.
You were completely stuffed.

You visited 1 branch of the dungeon, and saw 10 of its levels.
You also visited: Sewer.

You collected 575 gold pieces.

Inventory:

Missiles
 d - 242 stones (quivered)
 n - 5 tomahawks
Armour
 a - a +0 robe
 D - a +1 robe of magic resistance (worn)
Jewellery
 c - the ring of the Okapi {+Fly rF- rN+ Str+6 Dex-4}
   (You found it in a sewer)

   [ring of flight]

   It affects your strength (+6).
   It affects your dexterity (-4).
   It makes you vulnerable to fire.
   It protects you from negative energy.
   It lets you fly.
 j - an uncursed amulet of harm
 s - a ring of flight (left claw)
 H - a ring of resist corrosion (right claw)
Wands
 y - a wand of iceblast (4)
 C - a wand of acid (6)
 E - a wand of disintegration (15)
 F - a wand of paralysis (13)
Scrolls
 f - 5 scrolls of teleportation
 g - 5 scrolls of remove curse
 o - 2 scrolls of amnesia
 r - 3 scrolls of enchant weapon {unknown}
 v - a scroll of magic mapping
 x - a scroll of immolation {unknown}
 z - 4 scrolls of identify
 A - a scroll of blinking {unknown}
 B - a scroll of silence {unknown}
 G - 2 scrolls of fog {unknown}
Potions
 e - 2 potions of haste {unknown}
 h - 6 potions of curing
 i - 2 potions of brilliance {unknown}
 k - 3 potions of magic {unknown}
 m - 2 potions of mutation {unknown}
 p - 2 potions of flight
 q - 2 potions of ambrosia {unknown}
 t - a potion of resistance {unknown}
 u - a potion of degeneration {unknown}
 w - a potion of cancellation {unknown}
Comestibles
 b - 11 rations
 l - 8 chunks of flesh


   Skills:
 * Level 10.8 Fighting
 - Level 2.4 Dodging
 - Level 1.0 Stealth
 + Level 11.0 Unarmed Combat


You had 9 spell levels left.
You didn't know any spells.
Your spell library contained the following spells:

 Spells                   Type           Power        Failure   Level  Hunger
 Leda's Liquefaction      Hex/Erth       #.........   99%         4    #####..
 Bolt of Magma            Conj/Fire/Erth #.........   100%        5    ######.
 Iron Shot                Conj/Erth      #.........   100%        6    #######
 Statue Form              Tmut/Erth      #........    100%        6    #######
 Shatter                  Erth           #.........   100%        9    #######


Dungeon Overview and Level Annotations

Branches:
Dungeon (10/15)            Temple (0/1) D:7
   Lair: D:8-11         Orc: D:9-12

Altars:
Dithmenos
Elyvilon
Fedhas
Gozag
Hepliaklqana
Kikubaaqudgha
Okawaru
Ru
Uskayaw
Vehumet
Xom
The Shining One

Shops:
D:4 (   D:8 }[*   D:10 %

Annotations:
D:10 Fannar


Innate Abilities, Weirdness & Mutations

You are too large for most types of armour.
You have claws for hands.
Your metabolism is lightning-fast.
You like to eat raw meat.
Your natural rate of healing is unusually fast.
You are covered in fur. (AC +1)
You have very tough skin. (AC +2)


Message History

You closely miss the troll. The hornet stings you.
You suddenly lose the ability to move!
The troll bites you.
The troll claws you. x2; The hornet stings you!
You shrug off the repeated paralysis!
The troll bites you. The troll claws you.
The troll claws you but does no damage.
You can move again.
You barely miss the hornet. Your claw misses the hornet.
The hornet is lightly wounded.
You feel yourself speed up.
You feel sick.
The hornet stings you but does no damage.
The hornet closely misses you. The troll bites you!
* * * LOW HITPOINT WARNING * * *
The troll barely misses you. The troll claws you!
* * * LOW HITPOINT WARNING * * *
As you read the scroll of teleportation, it crumbles to dust.
You feel strangely unstable.
You feel sick.
The hornet stings you but does no damage.
The troll bites you!
You die...

+........# .#+#........#
. ##..##.......# ..
#....#.......# (..
#....#.......# .((.
#....#.......#
.....#....#.......#
.....(y...######..######
.(....T@...†..[[÷......#
....(.............[.....
...(....................
.....#..................
(....#..................
.... #.........#########
... #....###### # ...
###### # #


You could see a troll and a hornet.

Vanquished Creatures
  Harold (D:8)
  Erica (D:8)
  An unseen horror (D:9)
  A deep elf mage (D:6)
  A troll (D:9)
  2 hippogriffs (D:8)
  4 yaks (D:9)
  3 ice beasts
  Purgy (Sewer)
  3 orc warriors
  A sky beast (D:5)
  5 ogres
  3 centaurs
  A big kobold (D:8)
  A gnoll sergeant (D:9)
  2 wyvern skeletons (D:10)
  4 scorpions
  3 killer bees (D:7)
  3 howler monkeys
  4 crimson imps
  A bullfrog zombie (D:10)
  A centaur zombie (D:6)
  3 hounds (D:5)
  3 orc priests
  A jelly (D:6)
  A bullfrog skeleton (D:9)
  5 iguanas
  9 orc wizards
  6 worker ants
  A killer bee zombie (D:6)
  A hound zombie (D:10)
  A hound skeleton (D:6)
  2 worker ant zombies
  6 gnolls
  A river rat (D:4)
  7 adders
  A shadow imp (D:8)
  2 oozes
  4 worms
  7 dart slugs
  6 leopard geckos
  31 orcs
  2 giant cockroaches
  5 goblins
  9 hobgoblins
  8 jackals
  10 kobolds
  2 quokkas
  12 bats
  8 frilled lizards
  A quokka skeleton (D:6)
  6 rats
  A rat zombie (D:6)
209 creatures vanquished.

Vanquished Creatures (others)
  2 orcs
2 creatures vanquished.

Grand Total: 211 creatures vanquished

Notes
Turn   | Place    | Note
-------+----------+-------------------------------------------
     0 | D:1      | Bapho the Troll Monk began the quest for the Orb.
     0 | D:1      | Reached XP level 1. HP: 22/22 MP: 0/0
   145 | D:1      | Reached XP level 2. HP: 29/29 MP: 1/1
   861 | D:2      | Found a shadowy altar of Dithmenos.
   870 | D:2      | Reached XP level 3. HP: 33/37 MP: 2/2
   877 | D:2      | Became a worshipper of Dithmenos the Shadowed
   877 | D:2      | Reached * piety under Dithmenos
   877 | D:2      | Reached ** piety under Dithmenos
  1412 | D:3      | Reached skill level 4 in Unarmed Combat
  1494 | D:3      | Reached XP level 4. HP: 45/45 MP: 3/3
  2191 | D:3      | Reached XP level 5. HP: 54/54 MP: 4/4
  2406 | D:4      | Found an iron altar of Okawaru.
  2462 | D:4      | Found Gexorourch's Weapon Shop.
  2494 | D:4      | Found a glowing drain.
  2538 | Sewer    | Entered a sewer
  2583 | Sewer    | Noticed Purgy
  2595 | Sewer    | Killed Purgy
  2595 | Sewer    | Reached skill level 5 in Unarmed Combat
  2595 | Sewer    | Reached XP level 6. HP: 63/63 MP: 5/5
  2638 | Sewer    | Got a scintillating steel ring
  2667 | Sewer    | Identified the ring of the Okapi {+Fly rF- rN+ Str+6 Dex-4}
                  | (You found it in a sewer)
  3057 | D:4      | Reached *** piety under Dithmenos
  3250 | D:4      | Reached skill level 6 in Unarmed Combat
  3275 | D:4      | Reached skill level 5 in Fighting
  3275 | D:4      | Reached XP level 7. HP: 72/72 MP: 6/6
  3628 | D:5      | Entered Level 5 of the Dungeon
  3837 | D:5      | Found a hazy altar of Hepliaklqana.
  4065 | D:5      | Found a sacrificial altar of Ru.
  4207 | D:5      | Found a shimmering altar of Xom.
  4285 | D:5      | Reached skill level 7 in Unarmed Combat
  4550 | D:5      | Reached XP level 8. HP: 75/83 MP: 7/7
  4974 | D:6      | Found a blossoming altar of Fedhas.
  5065 | D:6      | Found an ancient bone altar of Kikubaaqudgha.
  5252 | D:6      | Noticed a deep elf mage
  5264 | D:6      | Killed a deep elf mage
  5264 | D:6      | Reached skill level 8 in Unarmed Combat
  5546 | D:6      | Found a radiant altar of Vehumet.
  5547 | D:6      | Found an opulent altar of Gozag.
  5548 | D:6      | Found a glowing golden altar of the Shining One.
  5682 | D:7      | Found a shadowy altar of Dithmenos.
  6070 | D:7      | Reached XP level 9. HP: 91/93 MP: 8/8
  6172 | D:7      | Found a staircase to the Ecumenical Temple.
  6464 | D:7      | Reached skill level 9 in Unarmed Combat
  6647 | D:8      | Noticed Erica
  6658 | D:8      | Killed Erica
  6666 | D:8      | Reached **** piety under Dithmenos
  6818 | D:8      | Found Gumeghou's Gadget Boutique.
  6927 | D:8      | Found Biwocwatz's Assorted Antiques.
  7005 | D:8      | Found Maneosor's Armour Boutique.
  7059 | D:8      | Noticed Harold
  7147 | D:7      | Reached skill level 10 in Unarmed Combat
  7311 | D:8      | Killed Harold
  7311 | D:8      | Reached XP level 10. HP: 32/107 MP: 9/9
  7892 | D:9      | Found an ancient bone altar of Kikubaaqudgha.
  8131 | D:9      | Reached skill level 10 in Fighting
  8402 | D:9      | Found a hide-covered altar of Uskayaw.
  8674 | D:9      | Found a white marble altar of Elyvilon.
  8705 | D:9      | Killed an unseen horror
  9032 | D:10     | Entered Level 10 of the Dungeon
  9040 | D:10     | Found Subicoko's Food Emporium.
  9239 | D:10     | Reached skill level 11 in Unarmed Combat
  9374 | D:10     | Noticed Fannar
  9557 | D:10     | Paralysed by a hornet for 1 turns
  9559 | D:10     | Mangled by a troll

Skill      XL: |  1  2  3  4  5  6  7  8  9 10 |
---------------+-------------------------------+-----
Fighting       | 3 4 5 6 7 9 10 | 10.8
Unarmed Combat | 4 5 6 7 8 10 11 | 11.0
Dodging        | |  2.4
Stealth        | |  1.0

Action                   |  1- 3 |  4- 6 |  7- 9 | 10-12 || total
-------------------------+-------+-------+-------+-------++-------
Melee: Unarmed           |    85 |   129 |   244 |   144 ||   602
       Punch             |     1 |       |     9 |     8 ||    18
Throw: Stone             |   101 |   134 |   208 |    78 ||   521
Invok: Shadow Step       |       |       |     3 |       ||     3
  Use: Scroll            |       |     7 |     1 |     1 ||     9
       Potion            |       |     2 |       |     1 ||     3
 Stab: Sleeping          |     1 |       |     1 |       ||     2
  Eat: Chunk             |    18 |    18 |    37 |    20 ||    93
Armor: Robe              |    31 |    34 |    37 |    42 ||   144
       Skin              |       |    16 |       |       ||    16
Dodge: Dodged            |    32 |    51 |   107 |    79 ||   269
